TOP OF THE 1ST |
Visalia Mets batting - Pitching for Salinas Fire Frogs : RHP Dan del Valle
|
Pitching: RHP Dan del Valle
|
|
Batting: LHB Huey Gayden
|
0-0: Called Strike 0-1: Ball 1-1: Ball 2-1: Ball 3-1: Ground out 6-3 (Groundball, 6, EV 88.1 MPH)
|
Batting: RHB Ed Sedar
|
0-0: Fly out, F8 (Flyball, 89D, EV 105.0 MPH)
|
Batting: SHB David Navarro
|
0-0: Ball 1-0: Ball 2-0: Foul Ball, location: 2F 2-1: SINGLE (Line Drive, 8RS, EV 95.6 MPH)
|
Batting: SHB Marcos Gomez
|
0-0: Called Strike 0-1: Ball David Navarro steals 2nd base 1-1: Foul Ball, location: 2F 1-2: Ball 2-2: Foul Ball, location: 2F 2-2: Foul Ball, location: 2F 2-2: Ball 3-2: Ground out 5-3 (Groundball, 56, EV 111.9 MPH)
|
Top of the 1st over - 0 runs, 1 hit, 0 errors, 1 left on base; Visalia 0 - Salinas 0 |
BOTTOM OF THE 1ST |
Salinas Fire Frogs batting - Pitching for Visalia Mets : RHP Mike Ferguson
|
Pitching: RHP Mike Ferguson
|
|
Batting: SHB Bernardo Howard
|
0-0: Ball 1-0: Bunt missed! 1-1: Foul Ball, location: 2F 1-2: Foul Ball, location: 2F 1-2: Ball 2-2: Foul Ball, location: 2F 2-2: Ball 3-2: Base on Balls
|
Batting: RHB Bobby Morin
|
0-0: Ball 1-0: Ball 2-0: SINGLE (Groundball, 56D, EV 96.9 MPH) Bernardo Howard to second
|
Batting: RHB Kevin Mitchell
|
0-0: Called Strike 0-1: Grounds into double play, 4-6-3 (Groundball, 34, EV 81.3 MPH) Bernardo Howard to third
|
Batting: LHB Georgie Cruz
|
0-0: Swinging Strike 0-1: Swinging Strike 0-2: Ball 1-2: Reached on error, E6 (Groundball, 6, EV 85.0 MPH) Bernardo Howard scores
|
Batting: LHB Charles McGehee
|
0-0: Ball Georgie Cruz is caught stealing 2nd base 2-6
|
Bottom of the 1st over - 1 run, 1 hit, 1 error, 0 left on base; Visalia 0 - Salinas 1 |
TOP OF THE 2ND |
Visalia Mets batting - Pitching for Salinas Fire Frogs : RHP Dan del Valle
|
Batting: RHB Mitchell Ashmore
|
0-0: Ball 1-0: Ball 2-0: Called Strike 2-1: Ball 3-1: Foul Ball, location: 2F 3-2: Base on Balls
|
Batting: RHB Eddie Dennis
|
0-0: Grounds into double play, 5-4-3 (Groundball, 5S, EV 87.5 MPH)
|
Batting: LHB Rodney Hodde
|
0-0: Called Strike 0-1: Ball 1-1: Foul Ball, location: 2F 1-2: Foul Ball, location: 2F 1-2: Ground out U3 (Groundball, 3D, EV 102.5 MPH)
|
Top of the 2nd over - 0 runs, 0 hits, 0 errors, 0 left on base; Visalia 0 - Salinas 1 |
BOTTOM OF THE 2ND |
Salinas Fire Frogs batting - Pitching for Visalia Mets : RHP Mike Ferguson
|
Batting: LHB Charles McGehee
|
0-0: Foul Ball, location: 2F 0-1: Ball 1-1: Called Strike 1-2: Foul Ball, location: 2F 1-2: Strikes out looking
|
Batting: RHB Carlos Urias
|
0-0: Ball 1-0: Ball 2-0: Called Strike 2-1: DOUBLE (Line Drive, 7LD, EV 101.9 MPH)
|
Batting: RHB Jordan Chavez
|
0-0: Swinging Strike 0-1: Ball 1-1: Foul Ball, location: 2F 1-2: Ground out U3 (Groundball, 3L, EV 81.3 MPH) Carlos Urias to third
|
Batting: RHB Therron Harper
|
0-0: Called Strike 0-1: Swinging Strike 0-2: Ball 1-2: Fly out, F4 (Popup, 34D, EV 53.8 MPH)
|
Bottom of the 2nd over - 0 runs, 1 hit, 0 errors, 1 left on base; Visalia 0 - Salinas 1 |
TOP OF THE 3RD |
Visalia Mets batting - Pitching for Salinas Fire Frogs : RHP Dan del Valle
|
Batting: SHB Rene Quinones
|
0-0: Ball 1-0: Fly out, F4 (Popup, 4S, EV 68.1 MPH)
|
Batting: RHB Lloyd Bessard
|
0-0: Called Strike 0-1: Swinging Strike 0-2: Ball 1-2: Ball 2-2: Ball 3-2: Base on Balls
|
Batting: LHB Huey Gayden
|
0-0: Called Strike 0-1: Ball 1-1: Fly out, F4 (Popup, 4S, EV 78.8 MPH)
|
Batting: RHB Ed Sedar
|
0-0: Called Strike 0-1: Ground out U3 (Groundball, 34, EV 76.3 MPH)
|
Top of the 3rd over - 0 runs, 0 hits, 0 errors, 1 left on base; Visalia 0 - Salinas 1 |
BOTTOM OF THE 3RD |
Salinas Fire Frogs batting - Pitching for Visalia Mets : RHP Mike Ferguson
|
Batting: LHB Paul Ondo
|
0-0: Called Strike 0-1: Foul Ball, location: 2F 0-2: Ball 1-2: Foul Ball, location: 2F 1-2: Ball 2-2: Fly out, F8 (Flyball, 8LD, EV 106.9 MPH)
|
Batting: SHB Bernardo Howard
|
0-0: Called Strike 0-1: Swinging Strike 0-2: Ball 1-2: Strikes out swinging
|
Batting: RHB Bobby Morin
|
0-0: Called Strike 0-1: Ground out 6-3 (Groundball, 56, EV 103.1 MPH)
|
Bottom of the 3rd over - 0 runs, 0 hits, 0 errors, 0 left on base; Visalia 0 - Salinas 1 |
TOP OF THE 4TH |
Visalia Mets batting - Pitching for Salinas Fire Frogs : RHP Dan del Valle
|
Batting: SHB David Navarro
|
0-0: Called Strike 0-1: Ground out 4-3 (Groundball, 34, EV 83.1 MPH)
|
Batting: SHB Marcos Gomez
|
0-0: DOUBLE (Flyball, 89XD, EV 110.0 MPH)
|
Batting: RHB Mitchell Ashmore
|
0-0: Called Strike 0-1: Called Strike 0-2: Strikes out looking
|
Batting: RHB Eddie Dennis
|
0-0: Ball 1-0: Foul Ball, location: 2F 1-1: Ball 2-1: Swinging Strike 2-2: Ball 3-2: Base on Balls
|
Batting: LHB Rodney Hodde
|
0-0: Ball Wild Pitch! Marcos Gomez to third Eddie Dennis to second 1-0: Swinging Strike 1-1: Ball Wild Pitch! Marcos Gomez scores Eddie Dennis to third 2-1: Fly out, F8 (Flyball, 8RD, EV 91.3 MPH)
|
Top of the 4th over - 1 run, 1 hit, 0 errors, 1 left on base; Visalia 1 - Salinas 1 |
BOTTOM OF THE 4TH |
Salinas Fire Frogs batting - Pitching for Visalia Mets : RHP Mike Ferguson
|
Batting: RHB Kevin Mitchell
|
0-0: Ball 1-0: Ball 2-0: Ball 3-0: Base on Balls
|
Batting: LHB Georgie Cruz
|
0-0: Fielders Choice at 2nd, 2-4 (Groundball, 2L, EV 71.9 MPH)
|
Batting: LHB Charles McGehee
|
0-0: Ball 1-0: Ball Georgie Cruz steals 2nd base (no throw) 2-0: Called Strike 2-1: Foul Ball, location: 2F 2-2: Foul Ball, location: 2F 2-2: Fly out, F9 (Line Drive, 9, EV 88.8 MPH)
|
Batting: RHB Carlos Urias
|
0-0: Foul Ball, location: 2F 0-1: Ball 1-1: Swinging Strike 1-2: Ground out 2-3 (Groundball, 13S, EV 66.9 MPH)
|
Bottom of the 4th over - 0 runs, 0 hits, 0 errors, 1 left on base; Visalia 1 - Salinas 1 |
TOP OF THE 5TH |
Visalia Mets batting - Pitching for Salinas Fire Frogs : RHP Dan del Valle
|
Batting: SHB Rene Quinones
|
0-0: SINGLE (Groundball, 6MS, EV 83.8 MPH) (infield hit)
|
Batting: RHB Lloyd Bessard
|
0-0: Ball 1-0: Fly out, F8 (Flyball, 8RD, EV 108.8 MPH)
|
Batting: LHB Huey Gayden
|
0-0: Ball 1-0: SINGLE (Groundball, 6MD, EV 106.3 MPH) Rene Quinones to second Runner from 2nd tries for 3rd, SAFE, throw by CF made to third
|
Batting: RHB Ed Sedar
|
0-0: Called Strike 0-1: Ball 1-1: Called Strike 1-2: Ball 2-2: Ball 3-2: Ground out 5-3 (Groundball, 56S, EV 89.4 MPH) Huey Gayden to second
|
Batting: SHB David Navarro
|
0-0: Ball 1-0: SINGLE (Line Drive, 5D, EV 93.8 MPH) Rene Quinones scores Huey Gayden to third Runner from 3rd tries for Home, SAFE, throw by LF to home
|
Batting: SHB Marcos Gomez
|
0-0: Swinging Strike 0-1: Ball 1-1: Fielders Choice at 2nd, 6-4 (Groundball, 6, EV 81.9 MPH)
|
Top of the 5th over - 2 runs, 3 hits, 0 errors, 1 left on base; Visalia 3 - Salinas 1 |
BOTTOM OF THE 5TH |
Salinas Fire Frogs batting - Pitching for Visalia Mets : RHP Mike Ferguson
|
Batting: RHB Jordan Chavez
|
0-0: Ground out U3 (Groundball, 34, EV 88.8 MPH)
|
Batting: RHB Therron Harper
|
0-0: Ball 1-0: Fly out, F9 (Flyball, 9D, EV 91.9 MPH)
|
Batting: LHB Paul Ondo
|
0-0: Ball 1-0: Called Strike 1-1: Ball 2-1: Ball 3-1: Foul Ball, location: 2F 3-2: Foul Ball, location: 2F 3-2: Foul Ball, location: 2F 3-2: Foul Ball, location: 2F 3-2: Base on Balls
|
Batting: SHB Bernardo Howard
|
0-0: Foul Ball, location: 2F 0-1: Foul Ball, location: 2F 0-2: Ball 1-2: Strikes out swinging
|
Bottom of the 5th over - 0 runs, 0 hits, 0 errors, 1 left on base; Visalia 3 - Salinas 1 |
TOP OF THE 6TH |
Visalia Mets batting - Pitching for Salinas Fire Frogs : RHP Dan del Valle
|
Batting: RHB Mitchell Ashmore
|
0-0: Foul Ball, location: 2F 0-1: Ball 1-1: Ball 2-1: Called Strike 2-2: Ball 3-2: Fly out, F4 (Popup, 4D, EV 46.9 MPH)
|
Batting: RHB Eddie Dennis
|
0-0: Fly out, F5 (Flyball, 5D, EV 90.6 MPH)
|
Batting: LHB Rodney Hodde
|
0-0: Ball 1-0: Fly out, F6 (Popup, 6D, EV 63.1 MPH)
|
Top of the 6th over - 0 runs, 0 hits, 0 errors, 0 left on base; Visalia 3 - Salinas 1 |
BOTTOM OF THE 6TH |
Salinas Fire Frogs batting - Pitching for Visalia Mets : RHP Mike Ferguson
|
Batting: RHB Bobby Morin
|
0-0: Foul Ball, location: 2F 0-1: Swinging Strike 0-2: Ball 1-2: Foul Ball, location: 2F 1-2: Ball 2-2: Foul Ball, location: 2F 2-2: SINGLE (Groundball, 25, EV 67.5 MPH) (infield hit)
|
Batting: RHB Kevin Mitchell
|
0-0: Ball 1-0: Called Strike 1-1: Ball 2-1: SINGLE (Groundball, 5S, EV 65.0 MPH) (infield hit) Bobby Morin to second
|
Batting: LHB Georgie Cruz
|
0-0: Foul Ball, location: 2F 0-1: Called Strike 0-2: Strikes out swinging
|
Batting: LHB Charles McGehee
|
0-0: Ball 1-0: Foul Ball, location: 2F 1-1: Swinging Strike 1-2: Ball 2-2: Strikes out swinging
|
Batting: RHB Carlos Urias
|
0-0: Called Strike 0-1: Ball 1-1: Ball 2-1: Fielders Choice at 2nd, U4 (Groundball, 4M, EV 110.6 MPH)
|
Bottom of the 6th over - 0 runs, 2 hits, 0 errors, 2 left on base; Visalia 3 - Salinas 1 |
TOP OF THE 7TH |
Visalia Mets batting - Pitching for Salinas Fire Frogs : RHP Dan del Valle
|
Batting: SHB Rene Quinones
|
0-0: Ball 1-0: Ground out 5-3 (Groundball, 56S, EV 88.8 MPH)
|
Batting: RHB Lloyd Bessard
|
0-0: Ball 1-0: Foul Ball, location: 2F 1-1: Ball 2-1: Fly out, F8 (Line Drive, 8RD, EV 105.0 MPH)
|
Batting: LHB Huey Gayden
|
0-0: Ball 1-0: Ball 2-0: Foul Ball, location: 2F 2-1: Hit by Pitch
|
Pinch Runner at 1st Keith Jones:
|
|
Batting: RHB Ed Sedar
|
0-0: Ground out 4-3 (Groundball, 34, EV 88.8 MPH)
|
Top of the 7th over - 0 runs, 0 hits, 0 errors, 1 left on base; Visalia 3 - Salinas 1 |
BOTTOM OF THE 7TH |
Salinas Fire Frogs batting - Pitching for Visalia Mets : RHP Mike Ferguson
|
Now in CF: Keith Jones
|
|
Batting: RHB Jordan Chavez
|
0-0: Ball 1-0: Ball 2-0: Foul Ball, location: 2F 2-1: Fly out, F4 (Popup, 34, EV 58.1 MPH)
|
Batting: RHB Therron Harper
|
0-0: Ball 1-0: Foul Ball, location: 2F 1-1: Ball 2-1: Ball 3-1: Foul Ball, location: 2F 3-2: Strikes out looking
|
Batting: LHB Paul Ondo
|
0-0: Ball 1-0: Fly out, F5 (Line Drive, 5, EV 68.8 MPH)
|
Bottom of the 7th over - 0 runs, 0 hits, 0 errors, 0 left on base; Visalia 3 - Salinas 1 |
TOP OF THE 8TH |
Visalia Mets batting - Pitching for Salinas Fire Frogs : RHP Dan del Valle
|
Batting: SHB David Navarro
|
0-0: Swinging Strike 0-1: Ball 1-1: Ground out 1-3 (Groundball, 15S, EV 68.1 MPH)
|
Batting: SHB Marcos Gomez
|
0-0: Ball 1-0: Called Strike 1-1: Foul Ball, location: 2F 1-2: Hit by Pitch
|
Batting: RHB Mitchell Ashmore
|
0-0: Called Strike Marcos Gomez steals 2nd base 0-1: Ground out 5-3 (Groundball, 56S, EV 90.0 MPH)
|
Batting: RHB Eddie Dennis
|
0-0: Ball 1-0: Ball 2-0: Fly out, F4 (Line Drive, 4, EV 74.4 MPH)
|
Top of the 8th over - 0 runs, 0 hits, 0 errors, 1 left on base; Visalia 3 - Salinas 1 |
BOTTOM OF THE 8TH |
Salinas Fire Frogs batting - Pitching for Visalia Mets : RHP Mike Ferguson
|
Batting: SHB Bernardo Howard
|
0-0: Ball 1-0: Called Strike 1-1: Foul Ball, location: 2F 1-2: Foul Ball, location: 2F 1-2: Ball 2-2: SINGLE (Groundball, 34D, EV 96.9 MPH)
|
Pitching: RHP Timothy O'Neill
|
|
Batting: RHB Bobby Morin
|
0-0: Called Strike 0-1: Fly out, F7 (Flyball, 7S, EV 83.1 MPH)
|
Batting: RHB Kevin Mitchell
|
0-0: Ball 1-0: Fly out, F8 (Flyball, 8RXD, EV 101.9 MPH)
|
Batting: LHB Georgie Cruz
|
0-0: Ball 1-0: Ball 2-0: Ball 3-0: Ground out 1-3 (Groundball, P, EV 90.0 MPH)
|
Bottom of the 8th over - 0 runs, 1 hit, 0 errors, 1 left on base; Visalia 3 - Salinas 1 |
TOP OF THE 9TH |
Visalia Mets batting - Pitching for Salinas Fire Frogs : RHP Dan del Valle
|
Batting: LHB Rodney Hodde
|
0-0: Swinging Strike 0-1: Ball 1-1: Ball 2-1: Ball 3-1: Fly out, F7 (Flyball, 7S, EV 81.3 MPH)
|
Batting: SHB Rene Quinones
|
0-0: Ground out 4-3 (Groundball, 4MD, EV 79.4 MPH)
|
Batting: RHB Lloyd Bessard
|
0-0: Foul Ball, location: 2F 0-1: Foul Ball, location: 2F 0-2: Ball 1-2: Ground out 6-3 (Groundball, 6S, EV 68.8 MPH)
|
Top of the 9th over - 0 runs, 0 hits, 0 errors, 0 left on base; Visalia 3 - Salinas 1 |
BOTTOM OF THE 9TH |
Salinas Fire Frogs batting - Pitching for Visalia Mets : RHP Timothy O'Neill
|
Pitching: RHP Dennis Long
|
|
Batting: LHB Charles McGehee
|
0-0: Ball 1-0: Foul Ball, location: 2F 1-1: Ball 2-1: Ball 3-1: Swinging Strike 3-2: Foul Ball, location: 2F 3-2: DOUBLE (Line Drive, 78D, EV 100.6 MPH)
|
Batting: RHB Carlos Urias
|
0-0: Fly out, F8 (Flyball, 8LM, EV 86.3 MPH)
|
Pinch Hitting: RHB Jason Felice
|
0-0: Called Strike 0-1: Foul Ball, location: 2F 0-2: Ball 1-2: Strikes out swinging
|
Batting: RHB Therron Harper
|
0-0: Ground out 6-3 (Groundball, 6, EV 88.1 MPH)
|
Bottom of the 9th over - 0 runs, 1 hit, 0 errors, 1 left on base; Visalia 3 - Salinas 1 |
|